 Dungeon Crawl Stone Soup version 0.26.0-10-g1f06aea511 (webtiles) character file.

Game seed: 4949623768589530442

13 Borgoz the Slasher (level 2, -1/25 HPs)
             Began as a Ghoul Gladiator on Jan 15, 2021.
             Killed from afar by a dart slug (4 damage)
             ... with a slug dart
             ... on level 2 of the Dungeon.
             The game lasted 00:00:51 (667 turns).

Borgoz the Slasher (Ghoul Gladiator)                 Turns: 667, Time: 00:00:52

Health: -1/25      AC:  5    Str: 17    XL:     2   Next: 37%
Magic:  1/1        EV: 12    Int:  3    God:
Gold:   58         SH:  0    Dex: 10    Spells: 1/1 levels left

rFire    . . .     SeeInvis .   a - +0 long sword
rCold    + . .     Faith    .   (no shield)
rNeg     + + +     Spirit   .   b - +0 leather armour
rPois    ∞         Reflect  .   c - +0 helmet
rElec    .         Harm     .   (no cloak)
rCorr    .         Rampage  .   m - +0 pair of gloves
Will     .....                  (no boots)
Stlth    +.........             (no amulet)
HPRegen  0.00/turn              (no ring)
MPRegen  0.07/turn              (no ring)

@: flying, hasted, very quick
A: claws 1, cold resistance 1, negative energy resistance 3, inhibited
regeneration, torment resistance, unbreathing
a: no special abilities


You were on level 2 of the Dungeon.
You visited 1 branch of the dungeon, and saw 2 of its levels.

You collected 58 gold pieces.

Inventory:

Hand Weapons
 a - a +0 long sword (weapon)
Missiles
 d - 3 throwing nets (quivered)
Armour
 b - a +0 leather armour (worn)
 c - a +0 helmet (worn)
 m - a +0 pair of gloves (worn)
Scrolls
 e - a scroll of identify {unknown}
 f - a scroll of fear {unknown}
 g - 3 scrolls of enchant armour {unknown}
 h - a scroll of teleportation {unknown}
 l - a scroll of remove curse {unknown}
Potions
 i - a potion of flight


   Skills:
 + Level 2.3 Fighting
 * Level 2.9 Long Blades
 - Level 1.7 Throwing
 * Level 1.0 Armour
 + Level 2.8 Dodging


You had one spell level left.
You didn't know any spells.
Your spell library was empty.

Dungeon Overview and Level Annotations

Branches:
Dungeon (2/15)

Altars:
Xom


Innate Abilities, Weirdness & Mutations

You thrive by killing the living.
You are immune to poison.
You have sharp fingernails.
Your flesh is cold resistant. (rC+)
You are immune to negative energy. (rN+++)
You do not regenerate when monsters are visible.
You are immune to unholy pain and torment.
You can survive without breathing.


Message History

The scorpion is lightly wounded.
The scorpion stings you. The dart slug launches a dart at you.
The slug dart hits you.
You closely miss the scorpion.
The scorpion is lightly wounded.
The scorpion misses you.
You riposte.
You closely miss the scorpion.
The scorpion is lightly wounded.
The scorpion stings you.
You are too injured to fight recklessly!
You are too injured to fight recklessly!
You are too injured to fight recklessly!
It was a potion of flight.
You feel very buoyant.
You fly up into the air.
The scorpion stings you.
* * * LOW HITPOINT WARNING * * *
It was a potion of haste.
You feel yourself speed up. The dart slug launches a dart at you.
The slug dart hits you.
You die...

#...# . #...+ ..
#...# ..(##...# #
....!.# .##.
##.#....####....
......s.#.......
#..####@...w###.
................
..#####.....##..
#..+.........
#.##.....##....
#.#......# .. ..
###.#......# ..##.#
#.........###......
#.#.....###.. ....


You could see a scorpion and a dart slug.

Vanquished Creatures
  A dart slug (D:1)
  2 bats (D:1)
  A goblin (D:2)
  3 jackals (D:1)
  A kobold (D:2)
  2 rats
10 creatures vanquished.

Notes
Turn   | Place    | Note
-------+----------+-------------------------------------------
     0 | D:1      | Borgoz the Ghoul Gladiator began the quest for the Orb.
     0 | D:1      | Reached XP level 1. HP: 17/17 MP: 0/0
   152 | D:1      | Found a shimmering altar of Xom.
   415 | D:1      | Reached XP level 2. HP: 24/24 MP: 1/1
   627 | D:2      | Reached skill level 1 in Armour
   661 | D:2      | Noticed a scorpion
   667 | D:2      | Killed from afar by a dart slug

Illustrated notes

Levels and vault maps discovered:
D:1:      heliophobic_arrival_dark_side_of_the_moon, layout_rooms,
          kennysheep_flooded_box
D:2:      layout_basic, marbit_many_paths, kennysheep_generic_room_9

Skill      XL: |  1  2 |
---------------+-------+-----
Armour         | 1 |  1.0
Fighting       | |  2.3
Long Blades    | |  2.9
Throwing       | |  1.7
Dodging        | |  2.8

Action                   || total
-------------------------++-------
Melee: Long sword        ||    25
  Use: Potion            ||     2
Armor: Leather armour    ||    12
Dodge: Dodged            ||    27
       Rpst.: Long sword ||     8
